[Event "Late-Titled-Tuesday-Blitz-July-09-2024"]
[Site "Chess.com"]
[Date "2024.07.09"]
[Round "6"]
[White "Marks1420"]
[Black "eightbyeightchess"]
[Result "1-0"]
[WhiteElo "2540"]
[BlackElo "2385"]
[TimeControl "180+1"]
[EndTime "15:03:36 PDT"]
[Termination "Marks1420 won by checkmate"]

1. e4 e6 2. d4 d5 3. e5 c5 4. c3 Qb6 5. Nf3 Bd7 6. Be2 Bb5 7. O-O Bxe2 8. Qxe2 cxd4 9. Nxd4 Nc6 10. Be3 Nxd4 11. Bxd4 Bc5 12. Bxc5 Qxc5 13. Nd2 Ne7 14. Nb3 Qc7 15. Nd4 O-O 16. f4 a6 17. Rad1 b5 18. Rf3 Qb6 19. Kh1 b4 20. Rh3 bxc3 21. bxc3 Rab8 22.
Qh5 h6 23. g4 Ng6 24. Rf3 Qb2 25.
g5 Qxa2 26. gxh6 Rb1 27. Rff1 Rxd1 28. Rxd1 Qf2 29. hxg7 Kxg7 30. Rg1 Re8 31. f5 exf5 32. Nxf5+ Kg8 33. Rxg6+ fxg6 34. Qxg6+ Kh8 35. Qg7# 1-0

[Event "Late-Titled-Tuesday-Blitz-July-09-2024"]
[Site "Chess.com"]
[Date "2024.07.09"]
[Round "6"]
[White "AlexZambrano"]
[Black "ACollins05"]
[Result "1/2-1/2"]
[WhiteElo "2352"]
[BlackElo "2484"]
[TimeControl "180+1"]
[EndTime "15:03:36 PDT"]
[Termination "Game drawn by repetition"]

1. e4 e5 2. Nf3 Nc6 3. Nc3 Nf6 4.
Bb5 Bb4 5. O-O O-O 6. d3 Bxc3 7. bxc3 d6 8. Re1 Ne7 9. Nh4 a5 10. d4 Ng6 11. Nxg6 hxg6 12. Bg5 Be6 13. Qf3 c6 14. Bf1 a4 15. Rad1 Bxa2 16. dxe5 dxe5 17. Rxd8 Rfxd8 18. Bxf6 gxf6 19. Qxf6 Be6 20. Qxe5 a3 21. c4 a2 22. h4 Rd2 23. Bd3 b5 24. Qc3 bxc4 25. Qxd2 cxd3 26.
Qxd3 Rb8 27. c4 Rb4 28. h5 gxh5 29. Qd8+ Kh7 30. Qg5 Rb1 31. Qxh5+ Kg7 32. Qg5+ Kh7 33. Qh5+ Kg8 34. Qg5+ Kf8 35. Qd8+ Kg7 36. Qg5+ Kh7 37. Qh5+ 1/2-1/2

[Event "Late-Titled-Tuesday-Blitz-July-09-2024"]
[Site "Chess.com"]
[Date "2024.07.09"]
[Round "6"]
[White "Alexander_Khlebovich"]
[Black "Payyappat"]
[Result "1-0"]
[WhiteElo "2782"]
[BlackElo "2412"]
[TimeControl "180+1"]
[EndTime "15:03:38 PDT"]
[Termination "Alexander_Khlebovich won by checkmate"]

1. e4 c6 2. d4 d5 3. e5 Bf5 4. h4 Qc7 5. g4 Bd7 6. f4 c5 7. c3 cxd4 8. cxd4 Bxg4 9. Bb5+ Nd7 10. Ne2 e6 11. Nbc3 Bb4 12. Qa4 Bxe2 13. Kxe2 Bxc3 14.
bxc3 a6 15. Ba3 Rc8 16. Bd3 f6 17. Rag1 Kf7 18. h5 Nh6 19. Qb4 Nb8 20. Rg3 Nc6 21. Qb1 f5 22. Rhg1 Rhg8 23. Bd6 Qd7 24. R1g2 Nd8 25.
Qg1 Ng4 26. Rxg4 fxg4 27. Bxh7 Rxc3 28. Bg6# 1-0

[Event "Late-Titled-Tuesday-Blitz-July-09-2024"]
[Site "Chess.com"]
[Date "2024.07.09"]
[Round "6"]
[White "enriquebutti"]
[Black "rionelG"]
[Result "1-0"]
[WhiteElo "2191"]
[BlackElo "2407"]
[TimeControl "180+1"]
[EndTime "15:03:40 PDT"]
[Termination "enriquebutti won on time"]

1. d4 d5 2. c4 e6 3. Nf3 Nf6 4. Nc3 c6 5. e3 Nbd7 6. Bd3 dxc4 7. Bxc4 b5 8. Bd3 Bb7 9. e4 b4 10. e5 Nd5 11. Nxd5 cxd5 12. Ng5 Be7 13. Qh5 g6 14. Qg4 Rc8 15. h4 h5 16. Qg3 Qa5 17. Bd2 Qb6 18. Be3 b3 19. a3 Qa5+ 20. Bd2 Qb6 21. Bc3 Rf8 22. O-O Ba6 23. Rac1 Bxd3 24. Qxd3 Bxg5 25. hxg5 Ke7 26. Bb4+ Kd8 27. Bxf8 1-0

[Event "Late-Titled-Tuesday-Blitz-July-09-2024"]
[Site "Chess.com"]
[Date "2024.07.09"]
[Round "6"]
[White "norwaytoadog"]
[Black "MaxLeto"]
[Result "1-0"]
[WhiteElo "2339"]
[BlackElo "2466"]
[TimeControl "180+1"]
[EndTime "15:03:41 PDT"]
[Termination "norwaytoadog won on time"]

1. e4 c5 2. Nf3 d6 3. Bb5+ Nd7 4. c3 Nf6 5. Qe2 e5 6. O-O a6 7. Ba4 b5 8. Bc2 Be7 9. d4 O-O 10. Rd1 Qc7 11. h3 Bb7 12. d5 c4 13. a4 Nc5 14.
Nbd2 Rfb8 15. Nf1 Bc8 16. Bg5 h6 17. Bxf6 Bxf6 18. Ng3 Bd7 19. Nh2 Nxa4 20. Ra2 Nc5 21. Qh5 Qd8 22. Ng4 Bg5 23. Nf5 g6 24. Ngxh6+ 1-0

[Event "Late-Titled-Tuesday-Blitz-July-09-2024"]
[Site "Chess.com"]
[Date "2024.07.09"]
[Round "6"]
[White "zacachess"]
[Black "Djager97"]
[Result "1/2-1/2"]
[WhiteElo "2493"]
[BlackElo "2649"]
[TimeControl "180+1"]
[EndTime "15:03:42 PDT"]
[Termination "Game drawn by repetition"]

1. e4 e5 2. Nc3 Nf6 3. Bc4 Nc6 4. d3 Bc5 5. f4 exf4 6. Bxf4 d6 7. Qd2 O-O 8. Nf3 Nd4 9. O-O-O c6 10. Be3 Nxf3 11. gxf3 Bxe3 12. Qxe3 d5 13. e5 Nh5 14. Rhg1 dxc4 15. Rg5 g6 16. Rxh5 gxh5 17. Rg1+ Kh8 18. Qh6 Rg8 19. Rxg8+ Qxg8 20. Qf6+ Qg7 21. Qd8+ Qg8 22.
Qf6+ Qg7 23. Qd8+ Qg8 24. Qf6+ 1/2-1/2

[Event "Late-Titled-Tuesday-Blitz-July-09-2024"]
[Site "Chess.com"]
[Date "2024.07.09"]
[Round "6"]
[White "Mikhal867"]
[Black "FM_Kappeler"]
[Result "1-0"]
[WhiteElo "2446"]
[BlackElo "2306"]
[TimeControl "180+1"]
[EndTime "15:03:44 PDT"]
[Termination "Mikhal867 won by resignation"]

1. c4 Nf6 2. Nc3 g6 3. e4 Bg7 4. d4 d6 5. f3 O-O 6. Be3 c5 7. Nge2 Nc6 8. d5 Ne5 9. Ng3 a6 10. Be2 Rb8 11. O-O Bd7 12. a4 h5 13. h3 h4 14. Nh1 b5 15. cxb5 axb5 16. Nxb5 c4 17. b3 Bxb5 18. axb5 Rxb5 19. bxc4 Rb2 20. Bd4 Rb4 21. Bxe5 dxe5 22. c5 Rd4 23. Qc2 Nh5 24. Rfd1 Nf4 25. Nf2 e6 26. d6 Qg5 27. Bf1 Rc8 28.
c6 Bf8 29. d7 Rc7 30. Ra8 Kg7 31. Rxd4 exd4 32. d8=Q 1-0

[Event "Late-Titled-Tuesday-Blitz-July-09-2024"]
[Site "Chess.com"]
[Date "2024.07.09"]
[Round "6"]
[White "OparinGrigoriy"]
[Black "GHANDEEVAM2003"]
[Result "0-1"]
[WhiteElo "3011"]
[BlackElo "3188"]
[TimeControl "180+1"]
[EndTime "15:03:45 PDT"]
[Termination "GHANDEEVAM2003 won by resignation"]

1. d4 Nf6 2. Nf3 b6 3. g3 Bb7 4.
Bg2 g6 5. c4 Bg7 6. O-O O-O 7.
Re1 Na6 8. Bf4 Nh5 9. Be3 c5 10. Nc3 cxd4 11. Bxd4 Nc5 12. Bxg7 Kxg7 13. Rc1 Rc8 14. b4 Ne6 15. Nb5 a6 16. Nbd4 Nf6 17. Nxe6+ dxe6 18. Qb3 Qc7 19. Red1 Rfd8 20. Rxd8 Rxd8 21.
a3 e5 22. Qc3 e4 23. Ne5 h5 24. c5 Kg8 25. c6 Bc8 26. h3 Rd5 27. Nc4 Qxc6 28.
Nxb6 Rd1+ 29. Rxd1 Qxc3 30. Rd8+ Kg7 31. Rxc8 Qe1+ 32. Bf1 e3 0-1

[Event "Late-Titled-Tuesday-Blitz-July-09-2024"]
[Site "Chess.com"]
[Date "2024.07.09"]
[Round "6"]
[White "Charodej1"]
[Black "MikeSailer"]
[Result "1-0"]
[WhiteElo "2395"]
[BlackElo "2104"]
[TimeControl "180+1"]
[EndTime "15:03:45 PDT"]
[Termination "Charodej1 won by checkmate"]

1. d4 d5 2. Nf3 Nf6 3. c4 c6 4.
Nbd2 g6 5. g3 Bg7 6. Bg2 O-O 7.
O-O b6 8. b3 Bb7 9. Bb2 Nbd7 10. Re1 a5 11. Rc1 a4 12. Qc2 axb3 13. axb3 Ra2 14.
Ra1 Rxa1 15. Rxa1 dxc4 16. bxc4 Qc7 17. e4 e5 18. Nxe5 Nxe5 19. dxe5 Nd7 20. f4 Nc5 21. Nb3 Nxb3 22. Qxb3 Ra8 23. Rxa8+ Bxa8 24. c5 bxc5 25. Bf1 Bf8 26. Bc4 Qb7 27. e6 Qxb3 28. exf7# 1-0

[Event "Late-Titled-Tuesday-Blitz-July-09-2024"]
[Site "Chess.com"]
[Date "2024.07.09"]
[Round "6"]
[White "protectiago"]
[Black "urano56"]
[Result "0-1"]
[WhiteElo "2169"]
[BlackElo "2421"]
[TimeControl "180+1"]
[EndTime "15:03:49 PDT"]
[Termination "urano56 won by resignation"]

1. d4 Nf6 2. c4 e6 3. g3 d5 4. Nf3 Be7 5. Bg2 O-O 6. O-O dxc4 7.
Ne5 Nc6 8. Bxc6 bxc6 9. Nxc6 Qe8 10. Nxe7+ Qxe7 11. Qa4 e5 12. dxe5 Qxe5 13. Qxc4 Be6 14.
Qd3 Rfd8 15. Qe3 Qh5 16. f3 Bc4 17. Nc3 Qh3 18. b3 Re8 19. Qf2 Ba6 20. Re1 Re6 21. e4 Rd8 22. Bg5 Rd3 23. Bxf6 Rxf6 24. Re3 Qd7 25.
Rae1 Rd2 26. Ne2 g5 27. g4 Rc6 28. Qg3 Rcc2 29. h4 h6 30. hxg5 hxg5 31. Qf2 Rxa2 32. e5 Qb5 33. e6 fxe6 34. Rxe6 Rxe2 35.
R1xe2 Rxe2 36. Qxa7 Rxe6 0-1

[Event "Late-Titled-Tuesday-Blitz-July-09-2024"]
[Site "Chess.com"]
[Date "2024.07.09"]
[Round "6"]
[White "Chigorinetz"]
[Black "Bauman_Guy"]
[Result "0-1"]
[WhiteElo "2613"]
[BlackElo "2921"]
[TimeControl "180+1"]
[EndTime "15:03:51 PDT"]
[Termination "Bauman_Guy won by resignation"]

1. e4 c5 2. Nc3 d6 3. Nf3 g6 4. d4 cxd4 5. Nxd4 Bg7 6. Be3 a6 7. f3 b5 8. Qd2 Bb7 9. O-O-O Nf6 10.
g4 h5 11. g5 Nfd7 12. f4 Nc6 13. Nd5 O-O 14. Nxc6 Bxc6 15. Bg2 Rc8 16. Kb1 a5 17.
Bd4 e5 18. fxe5 Bxd5 19. exd5 Bxe5 20. Bh3 Rc4 21. Bxe5 Nxe5 22. Rhf1 Rb4 23. b3 Rh4 24. Qg2 Qc7 25. Qg3 Rb4 26. Rf6 Re4 27. Rdf1 a4 28.
Be6 a3 29. R6f4 Rxf4 30. Qxf4 Qc3 31. Kc1 Nd3+ 0-1

[Event "Late-Titled-Tuesday-Blitz-July-09-2024"]
[Site "Chess.com"]
[Date "2024.07.09"]
[Round "6"]
[White "Stanbad1"]
[Black "giomar27"]
[Result "1-0"]
[WhiteElo "2636"]
[BlackElo "2429"]
[TimeControl "180+1"]
[EndTime "15:03:55 PDT"]
[Termination "Stanbad1 won by checkmate"]

1. d4 g6 2. Nc3 Bg7 3. e4 d6 4. Be3 a6 5. f3 b5 6. Qd2 Nd7 7. Nh3 Bb7 8. Nf2 e6 9. g3 Ne7 10. Bg2 c5 11. dxc5 dxc5 12. Rd1 Qc7 13. O-O O-O-O 14. Qe2 Ne5 15. Nd3 Nxd3 16. cxd3 Kb8 17.
Qf2 Bd4 18. Ne2 Bxe3 19. Qxe3 Qe5 20. Rd2 Nc6 21. Rc1 Nd4 22. f4 Qd6 23. e5 Qe7 24. Bxb7 Qxb7 25. Nxd4 cxd4 26. Qe2 Rc8 27. Rdc2 Qd5 28.
b3 Kb7 29. b4 Qd7 30. Rc5 Rxc5 31. Rxc5 Rc8 32. Qe4+ Kb8 33. Rxc8+ Qxc8 34. Qxd4 Qc1+ 35. Kg2 Qd2+ 36. Kh3 Qe2 37. Qb6+ Kc8 38. Qxa6+ Kd8 39. Qd6+ Ke8 40. Qc6+ Kf8 41. Qe4 Qf1+ 42. Kh4 Qd1 43. g4 Qd2 44. Kg3 Qxa2 45. h4 Kg7 46. f5 Qb1 47. f6+ Kf8 48. Qa8# 1-0

[Event "Late-Titled-Tuesday-Blitz-July-09-2024"]
[Site "Chess.com"]
[Date "2024.07.09"]
[Round "6"]
[White "saikrishnaReturns"]
[Black "SantoBlue"]
[Result "1-0"]
[WhiteElo "2794"]
[BlackElo "2977"]
[TimeControl "180+1"]
[EndTime "15:04:03 PDT"]
[Termination "saikrishnaReturns won by resignation"]

1. e4 d6 2. d4 Nf6 3. Nc3 e5 4. Nf3 Nbd7 5. g3 c6 6. Bg2 b5 7. a3 a5 8. O-O Ba6 9. Re1 Be7 10. Nh4 b4 11. Ne2 g6 12. f4 O-O 13. f5 d5 14. exd5 cxd5 15. dxe5 Nxe5 16. Nd4 Nfd7 17. Nhf3 Nxf3+ 18. Qxf3 Bc5 19. Be3 Ne5 20. Qf4 Nc4 21. Bf2 Qb6 22. f6 Rfe8 23. Bxd5 Nxb2 24. Bxa8 Rxa8 25.
axb4 axb4 26. Nb3 Bxf2+ 27. Qxf2 Qc6 28. Nc5 h5 29. Nxa6 Rxa6 30. Rxa6 Qxa6 31. Re8+ Kh7 32. Qf4 Qa7+ 33. Qe3 Qxe3+ 34. Rxe3 Nc4 35. Re4 Na3 36. Rxb4 Nxc2 37. Re4 g5 38. Kf2 Kg6 39. Rc4 Na3 40. Rb4 Kxf6 41. Ke2 Ke6 42. Kd3 f5 43. Rb3 1-0

[Event "Late-Titled-Tuesday-Blitz-July-09-2024"]
[Site "Chess.com"]
[Date "2024.07.09"]
[Round "6"]
[White "djano"]
[Black "Fjal"]
[Result "1-0"]
[WhiteElo "2597"]
[BlackElo "2398"]
[TimeControl "180+1"]
[EndTime "15:04:03 PDT"]
[Termination "djano won by resignation"]

1. e4 d6 2. Nc3 g6 3. f4 Bg7 4.
Nf3 Nf6 5. Bc4 O-O 6. Bb3 c6 7. O-O d5 8. Qe1 Na6 9. e5 Ne8 10. d4 Bg4 11. Be3 e6 12. Nd2 c5 13. h3 Bf5 14. g4 cxd4 15. Bxd4 Be4 16. Ndxe4 dxe4 17. Qxe4 Nec7 18. Rad1 Qe7 19. Qxb7 Rfd8 20. g5 Nc5 21. Qc6 Nxb3 22. axb3 Rac8 23. Bc5 Qe8 24. Qxe8+ Nxe8 25. Bxa7 Bf8 26. Rxd8 Rxd8 27. Rd1 Rc8 28. Kf2 Ng7 29. Ke2 Nf5 30. Rd7 Bb4 31. Kd3 Kf8 32. Ne4 Ke8 33.
Nf6+ Kf8 34. c3 Be7 35. b4 Bxf6 36. gxf6 Ke8 37. Rb7 Rd8+ 38. Bd4 Nh4 39. b5 Ng2 40. Ke4 1-0

[Event "Late-Titled-Tuesday-Blitz-July-09-2024"]
[Site "Chess.com"]
[Date "2024.07.09"]
[Round "6"]
[White "Paladin61"]
[Black "ChessLover0108"]
[Result "0-1"]
[WhiteElo "2732"]
[BlackElo "2936"]
[TimeControl "180+1"]
[EndTime "15:04:06 PDT"]
[Termination "ChessLover0108 won on time"]

1. d4 Nf6 2. c4 e6 3. Nf3 d5 4.
Nc3 Be7 5. Bg5 h6 6. Bh4 Nbd7 7. e3 O-O 8. Qc2 a6 9. cxd5 exd5 10. Bd3 c5 11.
dxc5 Nxc5 12. O-O Be6 13. Nd4 Rc8 14. Qe2 b5 15. a3 Qb6 16. Nf5 Bd8 17. Bc2 Nce4 18.
Nxe4 dxe4 19. Bxf6 Bxf5 20. Bd4 Qg6 21. Kh1 Bc7 22. Bb3 Bb8 23. f4 exf3 24. gxf3 Bd3 25. Qf2 Bxf1 26. Rxf1 Qh5 27. Rg1 Be5 0-1

[Event "Late-Titled-Tuesday-Blitz-July-09-2024"]
[Site "Chess.com"]
[Date "2024.07.09"]
[Round "6"]
[White "secretworker2027"]
[Black "mbojan"]
[Result "0-1"]
[WhiteElo "2709"]
[BlackElo "2921"]
[TimeControl "180+1"]
[EndTime "15:04:08 PDT"]
[Termination "mbojan won by resignation"]

1. e4 a6 2. d4 e6 3. Bd3 d5 4. e5 Bd7 5. a4 c5 6. dxc5 Bxc5 7.
Nf3 Nc6 8. O-O f6 9. Bf4 fxe5 10. Nxe5 Nf6 11. Nd2 O-O 12. Bg3 Be8 13. c4 Bh5 14.
Nxc6 bxc6 15. Qc2 Bb4 16. Nb3 Qe7 17. Nd4 Rac8 18. Rac1 c5 19. Ne2 d4 20. Nf4 Bf7 21.
Qe2 e5 22. Bf5 Rce8 23. Nd5 Nxd5 24. cxd5 Bxd5 25. Be4 Bxe4 26. Qxe4 Qe6 27. h4 h6 28. h5 Qf5 29. Qd5+ Kh7 30. Qc6 Re6 31. Qd7 e4 32. Rc2 Ref6 33. Re2 Qxd7 0-1

[Event "Late-Titled-Tuesday-Blitz-July-09-2024"]
[Site "Chess.com"]
[Date "2024.07.09"]
[Round "6"]
[White "dodorox"]
[Black "JavierRuizVazquez"]
[Result "1/2-1/2"]
[WhiteElo "2191"]
[BlackElo "2410"]
[TimeControl "180+1"]
[EndTime "15:04:09 PDT"]
[Termination "Game drawn by agreement"]

1. d4 Nf6 2. c4 g6 3. Nc3 d5 4.
Bf4 Bg7 5. Rc1 c6 6. e3 O-O 7.
Nf3 a6 8. cxd5 Nxd5 9. Nxd5 Qxd5 10. Bc4 Qa5+ 11. Qd2 Qh5 12. O-O Bg4 13. Be2 Nd7 14.
h3 Bxf3 15. Bxf3 Qb5 16. Bg3 Rfd8 17. Qc2 Rac8 18. b3 e5 19. dxe5 Nxe5 20. Be2 Qa5 21.
Rfd1 Rxd1+ 22. Rxd1 Rd8 23. Rxd8+ Qxd8 24. Bxe5 Bxe5 25.
Qd1 Qe7 26. g3 Kg7 27. Kg2 h5 28. h4 Bf6 29. Bf3 Qe6 30. Qd3 Be7 31. Qe4 Qxe4 32. Bxe4 Kf6 33. Kf3 Ke5 34. Bd3 Kd5 35. Bc4+ Ke5 36.
Bxf7 Kf6 1/2-1/2

[Event "Late-Titled-Tuesday-Blitz-July-09-2024"]
[Site "Chess.com"]
[Date "2024.07.09"]
[Round "6"]
[White "Crazy_girl99"]
[Black "malakismayil"]
[Result "1-0"]
[WhiteElo "2684"]
[BlackElo "2525"]
[TimeControl "180+1"]
[EndTime "15:04:10 PDT"]
[Termination "Crazy_girl99 won by checkmate"]

1. e4 e5 2. Nf3 Nc6 3. Bb5 a6 4.
Ba4 Nf6 5. O-O b5 6. Bb3 Be7 7. Re1 O-O 8. c3 d6 9. h3 Bb7 10. d4 Re8 11. Nbd2 Bf8 12. a4 Na5 13. Bc2 c5 14. d5 g6 15. b3 b4 16. Bb2 Bc8 17.
Bd3 Bd7 18. Bf1 Bh6 19. Rc1 Rc8 20. Bxa6 Rb8 21. cxb4 cxb4 22. Bf1 Nh5 23. g3 Ng7 24. Rc2 f5 25. Bc1 fxe4 26. Nxe4 Bxc1 27. Rxc1 Bf5 28.
Nfd2 Rf8 29. h4 Qd7 30. Qe2 Bxe4 31. Qxe4 Qf7 32. f3 Nf5 33. Kh2 Nd4 34. Re3 Rbc8 35.
Rxc8 Rxc8 36. Bh3 Rc2 37. Rd3 Rxd2+ 38. Rxd2 Nxf3+ 39. Kg2 Nxd2 40. Qd3 Ndxb3 41. Be6 Nc5 42. Bxf7+ Kxf7 43. Qb5 Nab7 44. Qxb4 e4 45. a5 Nxa5 46. Qxa5 Kf6 47. Qc3+ Kf5 48. g4+ Kxg4 49. Qg3+ Kf5 50. Qg5# 1-0

[Event "Late-Titled-Tuesday-Blitz-July-09-2024"]
[Site "Chess.com"]
[Date "2024.07.09"]
[Round "6"]
[White "Michalczak"]
[Black "EternalNight8"]
[Result "1-0"]
[WhiteElo "2507"]
[BlackElo "2372"]
[TimeControl "180+1"]
[EndTime "15:04:10 PDT"]
[Termination "Michalczak won by resignation"]

1. e4 c5 2. c3 Nf6 3. e5 Nd5 4. Nf3 Nc6 5. d4 cxd4 6. Bc4 Nb6 7. Bb3 d5 8. exd6 Qxd6 9. O-O dxc3 10. Qe2 e6 11. Nxc3 Be7 12. Nb5 Qb8 13. g3 Bd6 14. Rd1 Bc7 15. Nxc7+ Qxc7 16. Bf4 Qe7 17. Bd6 Qf6 18.
Rac1 Bd7 19. Rc5 h5 20. h4 O-O-O 21. Ne5 g5 22. Nxc6 Bxc6 23. Rxc6+ bxc6 24. Qa6+ Kd7 25. Be5+ Ke7 26. Bxf6+ Kxf6 27. Rxd8 Rxd8 28. Qxa7 Nd5 29. hxg5+ Kxg5 30. Qxf7 e5 31. a4 Rd6 32. a5 Rf6 33.
Qg7+ Rg6 34. Qxe5+ Kh6 35. a6 Nb6 36. Qh8+ Kg5 37.
Qd8+ Kg4 38. Qh4+ Kf3 39. Qxh5+ Ke4 40. Qxg6+ 1-0

[Event "Late-Titled-Tuesday-Blitz-July-09-2024"]
[Site "Chess.com"]
[Date "2024.07.09"]
[Round "6"]
[White "Richardmaster"]
[Black "GulamaliRises"]
[Result "1-0"]
[WhiteElo "2526"]
[BlackElo "2652"]
[TimeControl "180+1"]
[EndTime "15:04:12 PDT"]
[Termination "Richardmaster won by resignation"]

1. e4 d6 2. d4 Nf6 3. Nc3 g6 4. Be3 c6 5. h3 b5 6. e5 Nfd7 7. exd6 exd6 8. d5 b4 9. Qd4 bxc3 10. Qxh8 Ne5 11. bxc3 Qa5 12. Bd4 Nbd7 13. dxc6 Nxc6 14. Bd3 Nde5 15. Bxe5 Nxe5 16. Ne2 Bb7 17. O-O h5 18. Rab1 Bc6 19. Nd4 Bd7 20. Bb5 Qxc3 21. Bxd7+ Kxd7 22. Rb7+ Ke8 23. Rd1 Qc8 24. Rb3 Qc5 25. Qf6 Be7 26.
Qh8+ Bf8 27. Qf6 Be7 28. Qf4 Kf8 29. Ne6+ 1-0

[Event "Late-Titled-Tuesday-Blitz-July-09-2024"]
[Site "Chess.com"]
[Date "2024.07.09"]
[Round "6"]
[White "osielchesslover2011"]
[Black "sammartin99"]
[Result "0-1"]
[WhiteElo "2195"]
[BlackElo "2425"]
[TimeControl "180+1"]
[EndTime "15:04:13 PDT"]
[Termination "sammartin99 won on time"]

1. e4 c5 2. Nf3 Nc6 3. Nc3 e5 4. Nd5 Nf6 5. Nxf6+ Qxf6 6. c3 d6 7. h3 Be7 8. Bb5 O-O 9. d4 cxd4 10. Bxc6 bxc6 11.
cxd4 Ba6 12. dxe5 dxe5 13. Bg5 Qg6 14. Bxe7 Qxe4+ 15. Kd2 Rfd8+ 16. Bxd8 Rxd8+ 17. Kc1 Qf4+ 18. Nd2 Bd3 19. Qf3 Qd4 20. Qe3 Qb4 21. a3 Qd6 22. b3 f5 23. Kb2 f4 24. Qxa7 c5 25. Rhd1 Qd4+ 26. Ka2 Qc3 27. Rac1 Bc2 28. Nb1 Qxb3+ 29. Ka1 Bxd1 30. Qxc5 Be2 0-1

[Event "Late-Titled-Tuesday-Blitz-July-09-2024"]
[Site "Chess.com"]
[Date "2024.07.09"]
[Round "6"]
[White "lluiss"]
[Black "Giorno"]
[Result "0-1"]
[WhiteElo "2204"]
[BlackElo "2525"]
[TimeControl "180+1"]
[EndTime "15:04:13 PDT"]
[Termination "Giorno won on time"]

1. Nf3 d6 2. d4 Nf6 3. g3 Bf5 4.
Bg2 c6 5. O-O h5 6. h4 Ne4 7. Nbd2 g6 8. Ng5 Nxg5 9. hxg5 h4 10. e4 Bc8 11. g4 h3 12. Bf3 e5 13. Nb3 Bg7 14. dxe5 Bxe5 15. Kh1 Nd7 16. Be2 Bg7 17. f4 Qc7 18. Be3 c5 19. f5 Ne5 20.
f6 Bf8 21. Bf4 Bd7 22. Bxe5 dxe5 23. Bc4 Bc6 24. Qe2 O-O-O 25. Rad1 Rd4 26. Rxd4 exd4 27. Nd2 Bd6 28. Bd3 Bf4 29. Rf3 h2 30. Nf1 Re8 31.
Qf2 Bxg5 32. Nxh2 c4 0-1

[Event "Late-Titled-Tuesday-Blitz-July-09-2024"]
[Site "Chess.com"]
[Date "2024.07.09"]
[Round "6"]
[White "IsaqueGoncalvesSanto"]
[Black "santig8"]
[Result "0-1"]
[WhiteElo "1691"]
[BlackElo "2278"]
[TimeControl "180+1"]
[EndTime "15:04:13 PDT"]
[Termination "santig8 won by checkmate"]

1. d4 Nf6 2. c4 d6 3. Nc3 e5 4.
dxe5 dxe5 5. Qxd8+ Kxd8 6. Bg5 Be6 7. Nd5 Nd7 8. O-O-O c6 9. Nxf6 gxf6 10. Bxf6+ Kc7 11. Bxh8 Bh6+ 12. e3 Rxh8 13. h3 Nc5 14. Nf3 Bg7 15. Ng5 h6 16. Nxe6+ Nxe6 17. Be2 a5 18. Bg4 Nc5 19. Kc2 e4 20. Be2 a4 21. Rd2 Ra8 22.
Rhd1 Ra6 23. Rb1 Rb6 24. b4 axb3+ 25. axb3 Na6 26. Kd1 Nb4 27. Bg4 Nd3 28. Bf5 Bc3 29. Rc2 Be5 30. Bxe4 Nb4 31. Rd2 Bc3 32. Re2 Ra6 33. Bf3 Ra8 34. Bh5 Rd8+ 35. Kc1 Rd7 36. e4 Be5 37. g3 Nd3+ 38. Kc2 Nb4+ 39. Kc1 Rd3 40. f4 Bc3 41. g4 Rxh3 42. Bxf7 Rh1+ 43. Re1 Rxe1# 0-1

[Event "Late-Titled-Tuesday-Blitz-July-09-2024"]
[Site "Chess.com"]
[Date "2024.07.09"]
[Round "6"]
[White "tgpgoat"]
[Black "KebabJangles"]
[Result "0-1"]
[WhiteElo "2489"]
[BlackElo "2375"]
[TimeControl "180+1"]
[EndTime "15:04:14 PDT"]
[Termination "KebabJangles won by resignation"]

1. Nf3 Nf6 2. d4 g6 3. Bg5 Bg7 4. Nbd2 O-O 5. Bxf6 exf6 6. e3 f5 7. Bd3 d5 8. O-O c6 9. Ne5 Nd7 10. f4 Nf6 11. c4 Ne4 12. cxd5 cxd5 13. Rc1 f6 14. Nef3 Be6 15. Qb3 Qb6 16. Qa3 Rfc8 17. Nb3 Bf8 18. Qa4 Qb4 19. Qxb4 Bxb4 20. a3 Bd6 21.
Nfd2 Kf7 22. Bxe4 dxe4 23. Nc5 Bxc5 24. dxc5 Rd8 25. Rfd1 Rd3 26. Kf2 Rad8 27. Ke2 g5 28. g3 gxf4 29. gxf4 Ke7 30. c6 bxc6 31. Rxc6 R8d7 32. Rcc1 Bf7 33. Rc2 Bh5+ 34. Ke1 Bxd1 35. Kxd1 Rxe3 36. b4 Rxa3 37. Ke2 Rh3 38. Nf1 Rb7 39.
Rc4 Rb3 40. Ne3 Rb2+ 41. Kf1 R2xb4 42. Rxb4 Rxb4 43. Nd5+ Kd6 44. Nxb4 Kc5 45. Na6+ Kb6 46. Nb4 Kc5 47. Nc2 a5 48. Ke2 a4 49. Ke3 Kc4 50. h4 h5 51. Kd2 Kb3 52. Kc1 Kc3 53.
Ne3 a3 54. Kb1 Kd3 55. Nd5 e3 56. Nxf6 e2 0-1

[Event "Late-Titled-Tuesday-Blitz-July-09-2024"]
[Site "Chess.com"]
[Date "2024.07.09"]
[Round "6"]
[White "XDPS"]
[Black "jk13"]
[Result "0-1"]
[WhiteElo "2876"]
[BlackElo "2686"]
[TimeControl "180+1"]
[EndTime "15:04:15 PDT"]
[Termination "jk13 won by resignation"]

1. e4 e5 2. Nf3 Nc6 3. Bb5 a6 4.
Ba4 Nf6 5. O-O b5 6. Bb3 Bc5 7. Nc3 O-O 8. d3 h6 9. a3 d6 10. Nd5 Rb8 11. c3 Nxd5 12. Bxd5 Ne7 13. Ba2 Ng6 14.
d4 Bb6 15. Be3 Qf6 16. dxe5 dxe5 17. Bxb6 Rxb6 18. Qc2 Nf4 19. Rfe1 Bh3 20. g3 Ng2 21. Qe2 Nxe1 22. Nxe1 Rd8 23. Rd1 Rbd6 24. Rxd6 Qxd6 25. Bxf7+ Kxf7 26. Qh5+ Qg6 27. Qxh3 Qxe4 28. Kf1 Rd2 29.
Qh5+ g6 30. Qf3+ Qxf3 31. Nxf3 Rxb2 32. Nxe5+ Kf6 33. Nd7+ Ke7 34. Nb8 Kd6 35. Nxa6 c5 36. h4 h5 37. f3 Ra2 0-1

[Event "Late-Titled-Tuesday-Blitz-July-09-2024"]
[Site "Chess.com"]
[Date "2024.07.09"]
[Round "6"]
[White "TioCridineno"]
[Black "imdarealist"]
[Result "1-0"]
[WhiteElo "2447"]
[BlackElo "2238"]
[TimeControl "180+1"]
[EndTime "15:04:18 PDT"]
[Termination "TioCridineno won by resignation"]

1. e4 c6 2. d4 d5 3. e5 c5 4.
dxc5 Nc6 5. Nf3 Bg4 6. c3 e6 7.
Be3 Bxf3 8. Qxf3 Nxe5 9. Bb5+ Nc6 10. c4 a6 11. cxd5 Qxd5 12. Be2 Nf6 13. Nc3 Qxf3 14. Bxf3 Rc8 15. a3 Be7 16. b4 O-O 17. Rc1 Rfd8 18. Ke2 Nd5 19. Nxd5 exd5 20. Rhd1 d4 21. Bf4 Bf6 22.
Bd6 Re8+ 23. Kf1 g6 24. g3 Bg7 25. Rc2 h5 26. h3 f5 27. Bd5+ Kh7 28. Kg2 Bf6 29.
h4 Kg7 30. Rb1 d3 31. Rd2 Re2 32. Rxd3 Rce8 33. Bf3 Rc2 34. Bf4 Bd4 35. Rf1 Rd8 36. Bg5 Rd7 37. Bf4 Rc3 38. Rfd1 Rxd3 39. Rxd3 Rd8 40.
Bxc6 bxc6 41. Rxd4 Rd5 42. Rxd5 cxd5 43. c6 Kf7 44. c7 Ke8 45. c8=Q+ Ke7 46. Qxa6 1-0

[Event "Late-Titled-Tuesday-Blitz-July-09-2024"]
[Site "Chess.com"]
[Date "2024.07.09"]
[Round "6"]
[White "Javokhir_Sindarov05"]
[Black "Narek_Ghimoyan"]
[Result "1-0"]
[WhiteElo "3072"]
[BlackElo "2522"]
[TimeControl "180+1"]
[EndTime "15:04:20 PDT"]
[Termination "Javokhir_Sindarov05 won by resignation"]

1. e4 c5 2. Nf3 Nc6 3. Nc3 g6 4.
d4 cxd4 5. Nxd4 Bg7 6. Be3 Nf6 7. Nxc6 bxc6 8. e5 Ng8 9. Bd4 Nh6 10. e6 O-O 11. Bxg7 Kxg7 12. Qd4+ f6 13. exd7 Qxd7 14. Qxd7 Bxd7 15. O-O-O Rad8 16. Ba6 Ng4 17. Rhe1 e5 18. f3 Nh6 19. Ne4 Nf5 20. Nc5 Bc8 21. Bxc8 Rxd1+ 22. Rxd1 Rxc8 23. Rd7+ Kh6 24. Rxa7 Nh4 25. a4 Nxg2 26. a5 Nh4 27. a6 Nxf3 28. Rb7 Ra8 29. a7 Nd4 30. c4 f5 31. Nd7 Nb3+ 32. Rxb3 Rxa7 33. Nxe5 Ra5 34. Re3 Kg5 35. Nxc6 Rc5 36. Ne5 f4 37. b4 Rc8 38. Re1 Kf5 39. c5 g5 40.
Nc4 Rb8 41. b5 Kg4 42. b6 f3 43. c6 f2 44. Rf1 Kf3 45. c7 Re8 46. Rxf2+ Kxf2 47. b7 1-0